 Dungeon Crawl Stone Soup version 0.18-b1-22-ge198996 (webtiles) character file.

298 SkaryMonk the Cudgeler (level 6, 0/37 HPs)
             Began as a Gargoyle Monk on May 3, 2016.
             Slain by a wight
             ... wielding a +1 vampiric hand axe
              (6 damage)
             ... on level 4 of the Dungeon.
             The game lasted 00:10:20 (3351 turns).

SkaryMonk the Cudgeler (Gargoyle Monk)              Turns: 3351, Time: 00:10:22

Health: 0/37       AC:  6    Str: 15    XL:     6   Next: 36%
Magic:  6/6        EV: 12    Int: 14    God:
Gold:   219        SH:  0    Dex: 12    Spells: 0 memorised, 5 levels left

rFire  . . .     SeeInvis .     l - +0 whip (elec)
rCold  . . .     Gourm    .     a - +0 robe
rNeg   + . .     Faith    .     (no shield)
rPois  ∞         Spirit   .     (no helmet)
rElec  +         Dismiss  .     (no cloak)
rCorr  .         Reflect  .     (no gloves)
SustAt +         Harm     .     (no boots)
MR     .....                    (no amulet)
Stlth  ++........               k - +2 ring of intelligence
                                i - ring of sustain attributes

@: not resistant to hostile enchantments, unstealthy
A: negative energy resistance 1, electricity resistance, unbreathing,
petrification resistance, rot immunity, AC +4
a: no special abilities


You were on level 4 of the Dungeon.
You were not hungry.

You visited 1 branch of the dungeon, and saw 4 of its levels.

You collected 219 gold pieces.

Notes
Turn   | Place    | Note
--------------------------------------------------------------
     0 | D:1      | SkaryMonk the Gargoyle Monk began the quest for the Orb.
     0 | D:1      | Reached XP level 1. HP: 14/14 MP: 1/1
    65 | D:1      | Reached XP level 2. HP: 15/19 MP: 2/2
   770 | D:1      | Reached XP level 3. HP: 21/23 MP: 3/3
  1045 | D:2      | Reached skill level 5 in Unarmed Combat
  1482 | D:2      | Reached skill level 1 in Maces & Flails
  1483 | D:2      | Noticed Sigmund
  1572 | D:2      | Reached XP level 4. HP: 25/28 MP: 4/4
  2162 | D:3      | Noticed Ijyb
  2169 | D:3      | Killed Ijyb
  2169 | D:3      | Reached XP level 5. HP: 29/32 MP: 5/5
  2208 | D:3      | Noticed dobroeutro's ghost (amateur SpEn)
  2231 | D:3      | Killed dobroeutro's ghost
  2677 | D:4      | Noticed an ogre
  2957 | D:4      | Noticed a slave
  2958 | D:4      | Noticed a slave
  2959 | D:4      | Noticed Pikel
  3235 | D:4      | Noticed an ogre
  3247 | D:4      | Killed an ogre
  3247 | D:4      | Reached skill level 5 in Maces & Flails
  3247 | D:4      | Reached XP level 6. HP: 37/37 MP: 6/6
  3351 | D:4      | Slain by a wight

Inventory:

Hand Weapons
 l - a +0 whip of electrocution (weapon)
Armour
 a - a +0 robe (worn)
 f - a +0 chain mail
 o - a +0 pair of boots
 p - a +1 hat
Jewellery
 i - a ring of sustain attributes (left hand)
 k - a +2 ring of intelligence (right hand)
Scrolls
 c - a scroll of fear {unknown}
 d - a scroll of enchant weapon {unknown}
 e - a scroll of fog
 j - 3 scrolls of remove curse {unknown}
Potions
 r - a potion of curing
Comestibles
 b - a bread ration
 g - 3 chunks of flesh
 h - a meat ration
 t - a royal jelly

Table legend:
 A = Turns spent in this place as a percentage of turns spent in the entire game.
 B = Non-inter-level travel turns spent in this place as a percentage of non-inter-level travel turns spent in the entire game.
 C = Inter-level travel turns spent in this place as a percentage of turns spent in this place.
 D = Turns resting spent in this place as a percentage of non-inter-level travel turns spent in this place.
 E = Turns spent auto-exploring this place as a percentage of non-inter-level travel turns spent in this place.
 F = Non-inter-level travel turns spent in this place divided by the number of levels of this place that you've seen.
                   A       B       C       D       E      F
               +-------+-------+-------+-------+-------+----------------------
         Total | 100.0 | 100.0 |   1.2 |   1.5 |  11.3 | 220.5
       Dungeon | 100.0 | 100.0 |   1.2 |   1.5 |  11.3 | 220.5
               +-------+-------+-------+-------+-------+----------------------


   Skills:
 - Level 3.2 Fighting
 + Level 5.2 Maces & Flails
 - Level 2.4 Dodging
 - Level 2.1 Stealth
 - Level 5.0 Unarmed Combat


You had 5 spell levels left.
You didn't know any spells.

Dungeon Overview and Level Annotations

Branches:
Dungeon (4/15)
 Temple: D:4-7

Altars:

Annotations:
D:2 Sigmund
D:4 Pikel


Innate Abilities, Weirdness & Mutations

You are resistant to torment.
Your stone body is resilient (AC +4).
You are immune to poison.
You resist negative energy.
You are resistant to electric shocks.
You can survive without breathing.
You are immune to petrification.
You are immune to rotting.


Message History

The wight hits you with an enchanted flail.
You see here a giant spiked club.
You see here a giant spiked club.
The wight barely misses you. x2
You closely miss the wight.
The wight is severely damaged.
The wight hits you with an enchanted flail.
The wight hits you from afar with a trident.
You closely miss the wight.
The wight is severely damaged.
The wight hits you from afar with a trident.
You barely miss the wight.
The wight is severely damaged.
You hit the wight but do no damage.
The wight is severely damaged.
The wight hits you from afar with a trident!
* * * LOW HITPOINT WARNING * * *
The wight closely misses you.
The wight hits you with a vampiric hand axe.
You die...

########.#.#.#. ..#.....
#.###############...
#.#^..#.........#..>
#.#.#.#.#.....#.# ..
#.#.#.#.#.....#.# #.
#.#)#.#.#.......#
#.#########.#.#.#.#.....###
............#@#.#.#.....#
#........!.zzz#.........#
###############.........#
...............#
###############........#
#......................#
#.#############...#.####
#.####### #...#.# #.......#
#...#.#


You could see 3 wights.

Table legend:
 A = Kills in this place as a percentage of kills in entire the game.
 B = Kills by you in this place as a percentage of kills by you in the entire game.
 C = Kills by friends in this place as a percentage of kills by friends in the entire game.
 D = Other kills in this place as a percentage of other kills in the entire game.
 E = Experience gained in this place as a percentage of experience gained in the entire game.
 F = Experience gained in this place divided by the number of levels of this place that you have seen.
                   A       B       C       D       E      F
               +-------+-------+-------+-------+-------+----------------------
         Total | 100.0 | 100.0 |  -nan |  -nan | 100.0 | 106.8
       Dungeon | 100.0 | 100.0 |  -nan |  -nan | 100.0 | 106.8
               +-------+-------+-------+-------+-------+----------------------

Vanquished Creatures
  An ogre (D:4)
  The ghost of dobroeutro the Sneak, an amateur SpEn (D:3)
  Ijyb (D:3)
  4 adders
  3 oozes
  An adder skeleton (D:4)
  3 worms
  2 giant geckos
  An orc (D:3)
  A ball python (D:2)
  7 bats
  5 giant cockroaches
  9 goblins
  9 hobgoblins
  4 jackals (D:3)
  A quokka (D:2)
  2 giant newts
  9 kobolds
  8 rats
72 creatures vanquished.

Action                   |  1- 3 |  4- 6 || total
-------------------------+-------+-------++-------
Melee: Unarmed           |    96 |    98 ||   194
       Whip              |    12 |    88 ||   100
       Punch             |     2 |     2 ||     4
  Use: Scroll            |     4 |       ||     4
       Potion            |       |     6 ||     6
 Stab: Sleeping          |     5 |     2 ||     7
  Eat: Chunk             |     2 |     6 ||     8
Armor: Robe              |    32 |    51 ||    83
Dodge: Dodged            |    66 |   122 ||   188

Vault maps used:
D:1:      minmay_arrival_jagged
D:2:      uniq_sigmund
D:3:      uniq_iyjb
D:4:      grunt_gozag_statues, first_bread, dk_rats_in_the_wall, uniq_pikel
